 Dungeon Crawl Stone Soup version 0.24-a0-271-ga0fc33f (webtiles) character file.

Game seed: 6801184497550534291

35226 Zob the Grappler (level 13, -6/120 HPs)
             Began as a Troll Venom Mage on Apr 24, 2019.
             Was the Champion of Okawaru.
             Mangled by a meliai
             ... wielding a +2 hand axe of electrocution
              (15 damage)
             ... on level 15 of the Dungeon.
             The game lasted 00:39:17 (16126 turns).

Zob the Grappler (Troll Venom Mage)                Turns: 16126, Time: 00:39:18

Health: -6/120     AC: 27    Str: 18    XL:     13   Next: 46%
Magic:  0/21       EV: 13    Int: 14    God:    Okawaru [******]
Gold:   820        SH: 19    Dex: 10    Spells: 16/19 levels left

rFire    x . .     SeeInvis .     - Unarmed
rCold    + . .     Gourm    +   D - +0 large shield
rNeg     + . .     Faith    .   Y - quicksilver dragon scales
rPois    +         Spirit   +   U - +2 hat of Sunlight {rPois rN+ Regen+}
rElec    .         Reflect  .   E - +2 cloak
rCorr    .         Harm     .   (gloves unavailable)
MR       +....                  (boots unavailable)
Stlth    ++........             V - amulet of guardian spirit
HPRegen  1.10/turn              R - ring of wizardry
MPRegen  0.17/turn              t - ring of ice

@: lethally poisoned (-6 -> -9), heroism
A: large, unfitting armour, claws 3, repulsion field 1, rugged brown scales 1,
yellow scales 1, fast metabolism 3, gourmand, high mp 2, regeneration 1, shaggy
fur 2, tough skin 3, weak 1
a: Heroism, Finesse, Renounce Religion


You were on level 15 of the Dungeon.
You worshipped Okawaru.
Okawaru was exalted by your worship.
You were completely stuffed.

You visited 1 branch of the dungeon, and saw 15 of its levels.

You collected 1108 gold pieces.
You spent 288 gold pieces at shops.

Inventory:

Missiles
 y - 11 javelins (quivered)
 B - 20 tomahawks
 W - 7 large rocks
Armour
 z - a +2 robe of the Archmagi
 D - a +0 large shield (worn)
 E - a +2 cloak (worn)
 U - the +2 hat of Sunlight (worn) {rPois rN+ Regen+}
   (Okawaru gifted it to you on level 11 of the Dungeon)

   It protects you from poison.
   It protects you from negative energy.
   It increases your rate of regeneration.
 Y - quicksilver dragon scales (worn)
Jewellery
 g - a +4 ring of dexterity
 q - an uncursed ring of resist corrosion
 t - a ring of ice (right claw)
 P - an uncursed ring of flight
 R - a ring of wizardry (left claw)
 V - an amulet of guardian spirit (around neck)
Wands
 d - a wand of clouds (6)
 h - a wand of flame (17)
 C - a wand of iceblast (11)
 F - a wand of random effects (21)
 H - a wand of acid (5)
 M - a wand of disintegration (22)
 S - a wand of scattershot (1)
 Z - a wand of enslavement (3)
Scrolls
 a - a scroll of vulnerability {unknown}
 e - 8 scrolls of teleportation
 f - a scroll of fear {unknown}
 j - a scroll of magic mapping
 l - 3 scrolls of enchant armour
 m - 9 scrolls of remove curse
 o - 3 scrolls of amnesia
 v - 2 scrolls of blinking
 w - 2 scrolls of enchant weapon
 K - a scroll of summoning
Potions
 b - a potion of cancellation
 i - 5 potions of magic
 k - a potion of invisibility {unknown}
 n - a potion of might
 p - 4 potions of heal wounds
 r - 3 potions of agility
 u - a potion of flight {unknown}
 A - a potion of berserk rage {unknown}
 G - a potion of ambrosia {unknown}
 I - a potion of brilliance {unknown}
 L - 2 potions of curing
 O - 2 potions of haste {unknown}
Miscellaneous
 x - a phantom mirror
Comestibles
 c - 22 rations
 s - 14 chunks of flesh


   Skills:
 - Level 4.4(9.4) Fighting
 + Level 7.9(12.9) Armour
 - Level 1.6(6.6) Dodging
 - Level 1.1(6.1) Stealth
 + Level 9.2(14.2) Shields
 - Level 13.7(18.7) Unarmed Combat
 - Level 3.7 Spellcasting
 - Level 0.6 Conjurations
 - Level 3.6 Air Magic
 - Level 4.8 Poison Magic
 - Level 3.7 Invocations


You had 16 spell levels left.
You knew the following spells:

 Your Spells              Type           Power        Failure   Level  Hunger
a - Sting                 Conj/Pois      ##..         4%          1    None
b - Poisonous Vapours     Pois/Air       ##....       4%          2    ##.....

Your spell library contained the following spells:

 Spells                   Type           Power        Failure   Level  Hunger
 Shock                    Conj/Air       #...         6%          1    None
 Swiftness                Chrm/Air       #.......     11%         2    ##.....
 Magic Dart               Conj           #...         12%         1    None
 Mephitic Cloud           Conj/Pois/Air  ##......     12%         3    ###....
 Flame Tongue             Conj/Fire      #....        13%         1    None
 Beastly Appendage        Tmut           #.....       14%         1    None
 Sandblast                Erth           #.....       14%         1    None
 Searing Ray              Conj           #.....       16%         2    ##.....
 Spider Form              Tmut/Pois      #.........   16%         3    ###....
 Static Discharge         Conj/Air       #.......     17%         3    ###....
 Throw Flame              Conj/Fire      #.....       19%         2    ##.....
 Blink                    Tloc           N/A          21%         2    ##.....
 Call Imp                 Summ           #.......     21%         2    ##.....
 Passwall                 Tmut/Erth      #.......     21%         2    ##.....
 Slow                     Hex            #.......     21%         2    ##.....
 Sticks to Snakes         Tmut           #.......     21%         2    ##.....
 Olgreb's Toxic Radiance  Pois           ###.....     21%         4    ####...
 Airstrike                Air            ##........   32%         4    ####...
 Conjure Flame            Conj/Fire      #.......     34%         3    ###....
 Dazzling Spray           Conj/Hex       #.....       34%         3    ###....
 Stone Arrow              Conj/Erth      #.....       34%         3    ###....
 Inner Flame              Hex/Fire       #.......     38%         3    ###....
 Iskenderun's Mystic Bla  Conj           #.......     69%         4    ####...
 Force Lance              Conj/Tloc      #.......     75%         4    ####...
 Fulminant Prism          Conj/Hex       #.........   75%         4    ####...
 Sticky Flame             Conj/Fire      #.......     75%         4    ####...
 Venom Bolt               Conj/Pois      ##........   75%         5    ######.
 Ice Form                 Ice/Tmut       #.......     77%         4    ####...
 Petrify                  Tmut/Erth      #.......     77%         4    ####...
 Lightning Bolt           Conj/Air       #.........   82%         5    ######.
 Fireball                 Conj/Fire      #.........   96%         5    ######.
 Blade Hands              Tmut           #.........   98%         5    ######.
 Lee's Rapid Deconstruct  Erth           #.........   98%         5    ######.


Dungeon Overview and Level Annotations

Branches:
Dungeon (15/15)            Temple (0/1) D:6            Lair (0/6) D:9
    Orc (0/2) D:12         Vaults (0/5) D:14
 Depths: D:15

Altars:
Cheibriados
Gozag
Kikubaaqudgha
Nemelex Xobeh
Okawaru
Qazlal
Ru
Sif Muna
Vehumet
Wu Jian
Yredelemnul
Zin
The Shining One
Beogh

Shops:
D:9 !   D:11 ([***

Annotations:
D:3 exclusion: downstairs
D:5 3 runed translucent doors, Leeroy's ghost, novice TeAE
D:6 exclusion: statue


Innate Abilities, Weirdness & Mutations

You are too large for most types of armour.
You have claws for hands.
Your metabolism is lightning-fast.
You like to eat raw meat.
Your natural rate of healing is unusually fast.
You are covered in thick fur. (AC +2)
You have extremely tough skin. (AC +3)
You are surrounded by a mild repulsion field. (EV +2)
You are partially covered in rugged brown scales. (AC +1, +3% HP)
You are partially covered in yellow scales. (AC +2)
You have a considerably increased reservoir of magic. (+20% MP)
You are weak. (Str -2)


Message History

You don't have enough magic at the moment.
You don't have enough magic at the moment.
You don't have enough magic at the moment.
You scratch the meliai but do no damage.
The meliai hits you but does no damage.
You are electrocuted!
* * * LOW HITPOINT WARNING * * *
You block the meliai's attack. x2; The meliai barely misses you.
You claw the meliai!
The meliai is heavily wounded.
You feel sick. The meliai hits you but does no damage.
You are electrocuted!
* * * LOW HITPOINT WARNING * * *
The meliai stings you.
* * * LOW HITPOINT WARNING * * *
You are more poisoned.
The meliai poisons you! The meliai hits you but does no damage.
You block the meliai's attack.
The meliai hits you with a +2 hand axe of electrocution!
* * * LOW HITPOINT WARNING * * *
You are electrocuted!
You die...

#........
#........
.......[
#.....# #+##
##.....##...#
#...........#
#.....y.....#
#....y@.?...#
##...).##.<.#
####### .#


You could see 2 meliai.

Vanquished Creatures
  An ironheart preserver (D:14)
  2 hydras (D:14)
  4 centaur warriors
  3 two-headed ogres
  A death knight (D:12)
  A tengu warrior (D:14)
  An unseen horror (D:13)
  2 manticores
  2 cyclopes
  A deep elf mage (D:14)
  9 ugly things
  2 rust devils
  6 kobold demonologists (D:13)
  2 freezing wraiths (D:12)
  2 trolls (D:14)
  2 hornets (D:10)
  A meliai (D:15)
  Grinder (D:3)
  A meliai zombie (D:14)
  6 slime creatures (D:14)
  5 hippogriffs
  A wyvern (D:13)
  21 yaks
  A vampire (D:10)
  2 wraiths
  A water elemental (D:11)
  A shadow (D:14)
  5 hungry ghosts
  2 basilisks (D:14)
  6 vampire mosquitoes (D:14)
  Menkaure (D:5)
  2 soldier ants
  Edmund (D:6)
  A water moccasin (D:8)
  8 orc warriors
  3 black bears
  2 ice beasts
  A phantom (D:12)
  3 sky beasts
  2 eyes of draining
  A necrophage (D:14)
  7 ogres
  5 centaurs
  Blork the orc (D:6)
  5 big kobolds
  10 bullfrogs
  A wyvern zombie (D:14)
  2 wyvern skeletons (D:10)
  6 scorpions
  A troll zombie (D:14)
  17 killer bees
  3 howler monkeys
  5 crimson imps
  A bullfrog zombie (D:6)
  3 centaur zombies
  A quasit (D:6)
  5 centaur skeletons
  4 hounds
  2 human zombies (D:14)
  10 orc priests
  Crazy Yiuf (D:6)
  4 jellies
  18 orc wizards
  A bullfrog skeleton (D:6)
  A human skeleton (D:14)
  Terence (D:3)
  6 iguanas
  10 worker ants
  A killer bee zombie (D:8)
  2 ogre zombies (D:14)
  3 hound skeletons
  4 mummies (D:14)
  A worker ant zombie (D:6)
  13 adders
  3 howler monkey skeletons
  2 shadow imps
  2 oozes
  2 adder zombies
  An adder skeleton (D:5)
  3 worms
  6 dart slugs
  7 leopard geckos
  67 orcs
  6 bats
  11 giant cockroaches
  7 goblins
  11 hobgoblins
  4 jackals
  3 quokkas
  3 ball pythons
  7 frilled lizards
  A jackal skeleton (D:4)
  18 kobolds
  A leopard gecko skeleton (D:6)
  An orc skeleton (D:14)
  A quokka skeleton (D:9)
  2 rats
444 creatures vanquished.

Notes
Turn   | Place    | Note
-------+----------+-------------------------------------------
     0 | D:1      | Zob the Troll Venom Mage began the quest for the Orb.
     0 | D:1      | Reached XP level 1. HP: 16/16 MP: 1/1
    77 | D:1      | Reached XP level 2. HP: 24/24 MP: 3/3
   124 | D:1      | Learned a level 2 spell: Poisonous Vapours
   243 | D:1      | Reached XP level 3. HP: 30/31 MP: 4/4
   413 | D:1      | Reached skill level 1 in Unarmed Combat
   719 | D:2      | Reached skill level 2 in Unarmed Combat
   719 | D:2      | Reached XP level 4. HP: 29/39 MP: 5/5
  1263 | D:2      | Found an iron altar of Okawaru.
  1489 | D:2      | Became a worshipper of Warmaster Okawaru
  1692 | D:3      | Noticed Grinder
  1699 | D:3      | Killed Grinder
  1699 | D:3      | Reached * piety under Okawaru
  1699 | D:3      | Reached skill level 4 in Unarmed Combat
  1699 | D:3      | Reached skill level 1 in Air Magic
  1699 | D:3      | Reached XP level 5. HP: 27/46 MP: 6/6
  1699 | D:3      | Reached XP level 6. HP: 32/54 MP: 7/7
  1787 | D:3      | Found an ancient bone altar of Kikubaaqudgha.
  1983 | D:3      | Noticed Terence
  1992 | D:3      | Killed Terence
  2067 | D:3      | Reached ** piety under Okawaru
  2154 | D:3      | Found a basalt altar of Yredelemnul.
  2156 | D:3      | Noticed a profane servitor
  2175 | D:3      | Found a glowing golden altar of the Shining One.
  2177 | D:3      | Noticed an angel
  2646 | D:4      | Reached skill level 1 in Fighting
  2850 | D:4      | Reached XP level 7. HP: 62/62 MP: 0/9
  3893 | D:5      | Entered Level 5 of the Dungeon
  3959 | D:5      | Found a runed translucent gate.
  3959 | D:5      | Found a runed translucent gate.
  3959 | D:5      | Found a runed translucent gate.
  4017 | D:5      | Reached skill level 5 in Unarmed Combat
  4229 | D:5      | Noticed Menkaure
  4234 | D:5      | Killed Menkaure
  4234 | D:5      | Reached *** piety under Okawaru
  4234 | D:5      | Reached skill level 1 in Invocations
  4234 | D:5      | Reached XP level 8. HP: 49/70 MP: 9/11
  4413 | D:5      | Noticed Leeroy's ghost (novice TeAE)
  4781 | D:5      | Found an opulent altar of Gozag.
  4783 | D:5      | Found a glowing silver altar of Zin.
  4784 | D:5      | Found a snail-covered altar of Cheibriados.
  5232 | D:6      | Reached skill level 6 in Unarmed Combat
  5412 | D:6      | Found a staircase to the Ecumenical Temple.
  5432 | D:6      | Noticed Blork the orc
  5445 | D:6      | Killed Blork the orc
  5445 | D:6      | Reached skill level 1 in Shields
  5445 | D:6      | Reached skill level 7 in Unarmed Combat
  5651 | D:6      | Noticed Edmund
  5662 | D:6      | Killed Edmund
  5702 | D:6      | Reached **** piety under Okawaru
  5827 | D:6      | Reached XP level 9. HP: 73/79 MP: 12/12
  5896 | D:6      | Found a radiant altar of Vehumet.
  5980 | D:6      | Found a runed translucent door.
  5981 | D:6      | Noticed Crazy Yiuf
  5987 | D:6      | Killed Crazy Yiuf
  6044 | D:7      | Reached skill level 8 in Unarmed Combat
  6288 | D:7      | Found a deep blue altar of Sif Muna.
  6314 | D:7      | Found a stormy altar of Qazlal.
  6336 | D:7      | Found a sacrificial altar of Ru.
  6545 | D:7      | Found a sparkling altar of Nemelex Xobeh.
  6632 | D:7      | Found a stormy altar of Qazlal.
  6844 | D:7      | Noticed a rust devil
  6844 | D:7      | Noticed a rust devil
  6918 | D:8      | Reached skill level 9 in Unarmed Combat
  6987 | D:7      | Killed a rust devil
  7078 | D:8      | Killed a rust devil
  7167 | D:8      | Noticed a manticore
  7178 | D:8      | Reached ***** piety under Okawaru
  7178 | D:8      | Reached skill level 5 in Shields
  7184 | D:8      | Killed a manticore
  7184 | D:8      | Reached XP level 10. HP: 28/87 MP: 10/13
  7247 | D:8      | Reached skill level 10 in Unarmed Combat
  8153 | D:9      | Found Cuisar's Distillery.
  8156 | D:9      | Bought 2 potions of mutation for 240 gold pieces
  8156 | D:9      | Gained mutation: You have an increased reservoir of magic.
                  | (+10% MP) [potion of mutation]
  8156 | D:9      | Gained mutation: You are partially covered in icy blue
                  | scales. (AC +2) [potion of mutation]
  8156 | D:9      | Gained mutation: You are partially covered in rugged brown
                  | scales. (AC +1, +3% HP) [potion of mutation]
  8157 | D:9      | Lost mutation: You are partially covered in icy blue
                  | scales. (AC +2) [potion of mutation]
  8157 | D:9      | Gained mutation: Your body sometimes deteriorates upon
                  | taking damage. [potion of mutation]
  8157 | D:9      | Gained mutation: You are partially covered in yellow
                  | scales. (AC +2) [potion of mutation]
  8157 | D:9      | Gained mutation: You are surrounded by a mild repulsion
                  | field. (EV +2) [potion of mutation]
  8158 | D:9      | Lost mutation: Your body sometimes deteriorates upon taking
                  | damage. [potion of mutation]
  8158 | D:9      | Gained mutation: You have a considerably increased
                  | reservoir of magic. (+20% MP) [potion of mutation]
  8158 | D:9      | Gained mutation: You are weak. (Str -2) [potion of
                  | mutation]
  8158 | D:9      | Gained mutation: You are covered in thick fur. (AC +2)
                  | [potion of mutation]
  8353 | D:9      | Found a staircase to the Lair.
  8473 | D:9      | Found a snail-covered altar of Cheibriados.
  8968 | D:9      | Found an ornate altar of the Wu Jian Council.
  9098 | D:10     | Entered Level 10 of the Dungeon
  9393 | D:10     | Noticed a two-headed ogre
  9404 | D:10     | Received a gift from Okawaru
  9417 | D:10     | Killed a two-headed ogre
  9417 | D:10     | Reached skill level 11 in Unarmed Combat
  9614 | D:10     | Paralysed by a hornet for 1 turns
 10020 | D:10     | Noticed a brown ugly thing
 10068 | D:10     | Killed a brown ugly thing
 10068 | D:10     | Reached XP level 11. HP: 88/95 MP: 14/17
 10095 | D:10     | Found a runed translucent door.
 10781 | D:10     | Found a roughly hewn altar of Beogh.
 10918 | D:11     | Found Sirghe Soisi's Antique Weapon Boutique.
 10938 | D:11     | Found Rolaebb's Antique Armour Boutique.
 11029 | D:11     | Found Pohoykue's General Store.
 11167 | D:11     | Found Daadd's Assorted Antiques.
 11185 | D:11     | Bought a murky cyan potion for 24 gold pieces
 11185 | D:11     | Bought a red potion for 24 gold pieces
 11685 | D:11     | Found Soucerir's General Store.
 11842 | D:11     | Reached skill level 12 in Unarmed Combat
 12157 | D:11     | Received a gift from Okawaru
 12160 | D:11     | Got a bloodstained hat {god gift}
 12166 | D:11     | Identified the +2 hat of Sunlight {rPois rN+ Regen+}
                  | (Okawaru gifted it to you on level 11 of the Dungeon)
 12315 | D:12     | Noticed a brown ugly thing
 12331 | D:12     | Killed a brown ugly thing
 12376 | D:12     | Found a staircase to the Orcish Mines.
 12557 | D:12     | Noticed a death knight
 12633 | D:12     | Killed a death knight
 13430 | D:13     | Noticed a brown ugly thing
 13437 | D:13     | Killed a brown ugly thing
 13437 | D:13     | Reached XP level 12. HP: 110/110 MP: 17/19
 13688 | D:13     | Reached skill level 13 in Unarmed Combat
 13827 | D:13     | Noticed a centaur warrior
 13844 | D:13     | Killed a centaur warrior
 13898 | D:13     | Noticed a two-headed ogre
 13907 | D:13     | Killed a two-headed ogre
 14416 | D:13     | Received a gift from Okawaru
 14648 | D:12     | Reached ****** piety under Okawaru
 14889 | D:12     | Reached skill level 1 in Armour
 14987 | D:14     | Noticed a five-headed hydra
 15004 | D:14     | Killed a five-headed hydra
 15014 | D:14     | Noticed a centaur warrior
 15023 | D:14     | Noticed a four-headed hydra
 15026 | D:14     | Killed a centaur warrior
 15047 | D:14     | Noticed an ironheart preserver
 15059 | D:14     | Noticed a tengu warrior
 15065 | D:14     | Noticed a centaur warrior
 15066 | D:14     | Killed an ironheart preserver
 15066 | D:14     | Reached XP level 13. HP: 106/120 MP: 17/21
 15070 | D:14     | Reached skill level 5 in Armour
 15278 | D:14     | Received a gift from Okawaru
 15338 | D:14     | Found a gate to the Vaults.
 16035 | D:14     | Found an ancient bone altar of Kikubaaqudgha.
 16107 | D:15     | Entered Level 15 of the Dungeon
 16126 | D:15     | Mangled by a meliai

Levels and vault maps discovered:
D:1:      tarquinn_simple_flora_water_e, layout_rooms, chequers_big_river,
          chequers_serial_rivers_room_a, interstate_on_off
D:2:      layout_loops_cross, marbit_many_paths
D:3:      layout_basic, grunt_temple_overflow_holy_war,
          nicolae_overflow_crystal_walls, uniq_terence, uniq_grinder
D:4:      layout_cave_pods, first_ration
D:5:      layout_layer_cave, minitemple, gammafunk_ghost_icy, uniq_menkaure
D:6:      layout_cave_pools, vehumet_statue, minmay_temple_entry_stoned_glass,
          uniq_crazy_yiuf_cottage, uniq_edmund, uniq_blork_the_orc
D:7:      cheibrodos_iron_armory, layout_rooms, nemelex_altar_shiori,
          nicolae_ru_great_annihilating_truth, overflow_temple_1_default,
          kennysheep_mini, grunt_qazlal_sundering
D:8:      layout_loops_ring
D:9:      layout_loops_corners, lemuel_coloured_pillars_altar,
          dpeg_oklobed_lair, serial_shops, nicolae_shop_behind_doors,
          basic_altar
D:10:     layout_basic, hangedman_pestilent_swarm, lightli_church_of_beogh
D:11:     layout_long_grid, serial_shops, shop, nicolae_shop_behind_doors,
          kennysheep_mini_moat, shop, shop_statue, kennysheep_another_room,
          minmay_misc_feat_enclosed, kennysheep_donut, eino_jars
D:12:     layout_roguey, david_orc_2
D:13:     minmay_inner_zag, layout_cave_pods
D:14:     layout_irregular_city, skrybe_vaults_entry_preservation,
          lemuel_mausoleum_altar_kikubaaqudgha
D:15:     grunt_enter_depths_magical_seal, layout_gridville, serial_park_avenue1

Skill      XL: |  1  2  3  4  5  6  7  8  9 10 11 12 13 |
---------------+----------------------------------------+-----
Unarmed Combat | 2 4 5 7 9 11 12 13 | 13.7
Air Magic      | 1 2 3 |  3.6
Poison Magic   | 3 4 |  4.8
Spellcasting   | 2 3 |  3.7
Fighting       | 1 2 3 4 |  4.4
Invocations    | 1 2 3 |  3.7
Shields        | 2 5 7 9 |  9.2
Armour         | 4 7 |  7.9
Dodging        | |  1.6
Stealth        | |  1.1
Conjurations   | |  0.6

Action                   |  1- 3 |  4- 6 |  7- 9 | 10-12 | 13-15 || total
-------------------------+-------+-------+-------+-------+-------++-------
Melee: Unarmed           |   102 |   160 |   331 |   987 |   234 ||  1814
       Punch             |       |     6 |     4 |       |       ||    10
 Cast: Poisonous Vapours |       |    10 |     5 |     4 |       ||    19
Invok: Heroism           |       |       |     6 |     4 |     2 ||    12
       Finesse           |       |       |       |       |     1 ||     1
Evoke: Wand              |       |       |       |     2 |     2 ||     4
  Use: Scroll            |       |       |     8 |    10 |     7 ||    25
       Potion            |       |       |     1 |     4 |     1 ||     6
 Stab: Sleeping          |     2 |     4 |     2 |     1 |       ||     9
       Distracted        |       |       |     1 |       |       ||     1
       Paralysed         |       |       |     1 |       |       ||     1
  Eat: Chunk             |    12 |    18 |    42 |    84 |    17 ||   173
       Ration            |       |       |       |     1 |       ||     1
Armor: Robe              |    44 |    49 |   100 |   229 |       ||   422
       Quicksilver drago |       |       |       |    41 |    82 ||   123
Dodge: Dodged            |    69 |    80 |    91 |   203 |    63 ||   506
Block: Large shield      |       |       |   138 |   621 |   161 ||   920

Table legend:
 A = Non-vault XP
 B = Vault XP
 C = Vault XP percentage of total XP
 D = Non-vault monster count
 E = Vault monster count
 F = Vault count percentage of total count
                 A         B        C        D         E       F
            +---------+---------+-------+---------+---------+-------
      Total |   38301 |   12022 |  23.9 |     368 |      76 |  17.1
            +---------+---------+-------+---------+---------+-------
        D:1 |      71 |       0 |   0.0 |      32 |       0 |   0.0
        D:2 |      97 |       1 |   1.0 |      18 |       1 |   5.3
        D:3 |      59 |     313 |  84.1 |      22 |       2 |   8.3
        D:4 |     506 |       0 |   0.0 |      23 |       0 |   0.0
        D:5 |     351 |     175 |  33.3 |      16 |       1 |   5.9
        D:6 |    1166 |     294 |  20.1 |      22 |       3 |  12.0
        D:7 |     573 |     478 |  45.5 |      16 |       5 |  23.8
        D:8 |    2292 |     723 |  24.0 |      39 |       3 |   7.1
        D:9 |     839 |       0 |   0.0 |      20 |       0 |   0.0
       D:10 |    3170 |    1224 |  27.9 |      35 |      17 |  32.7
       D:11 |    4424 |     491 |  10.0 |      34 |       8 |  19.0
       D:12 |    3273 |      21 |   0.6 |      20 |       7 |  25.9
       D:13 |    8014 |    3786 |  32.1 |      33 |       8 |  19.5
       D:14 |   13183 |    4516 |  25.5 |      37 |      21 |  36.2
       D:15 |     283 |       0 |   0.0 |       1 |       0 |   0.0
            +---------+---------+-------+---------+---------+-------
